 Dungeon Crawl Stone Soup version 0.23.2-40-g277498a001 (webtiles) character file.

Game seed: 4722145597448146829

11849 Gildeon the Nimble (level 11, -9/60 HPs)
             Began as a Deep Elf Conjurer on Oct 5, 2019.
             Was an Elder of Nemelex Xobeh.
             Mangled by an ettin
             ... wielding a +0 dire flail
              (32 damage)
             ... on level 11 of the Dungeon on Oct 8, 2019.
             The game lasted 01:56:41 (15877 turns).

Gildeon the Nimble (Deep Elf Conjurer)             Turns: 15877, Time: 01:56:42

Health: -9/60      AC:  7    Str:  5    XL:     11   Next: 54%
Magic:  27/27      EV: 19    Int: 24    God:    Nemelex Xobeh [****..]
Gold:   727        SH:  0    Dex: 18    Spells: 1/30 levels left

rFire    + . .     SeeInvis .   i - +5 dagger (venom)
rCold    + . .     Gourm    .   (no shield)
rNeg     . . .     Faith    .   g - +2 robe {rC+}
rPois    .         Spirit   .   (no helmet)
rElec    .         Reflect  .   u - +0 cloak
rCorr    .         Harm     .   z - +0 pair of gloves (curse)
MR       +....                  D - +0 pair of boots
Stlth    +++.......             m - amulet of the acrobat
HPRegen  0.20/turn              j - ring of protection from fire
MPRegen  0.20/turn              C - +3 ring of dexterity

@: about to teleport, lightly drained
A: no striking features
a: Draw Escape, Draw Destruction, Draw Summoning, Triple Draw, Deal Four,
Renounce Religion


You were on level 11 of the Dungeon.
You worshipped Nemelex Xobeh.
Nemelex Xobeh was greatly pleased with you.
You were not hungry.

You visited 2 branches of the dungeon, and saw 12 of its levels.

You collected 727 gold pieces.

Inventory:

Hand Weapons
 f - the +8 whip of Golaukk {vamp, rElec MR+ Int+2 Dex+4}
   (You found it on level 3 of the Dungeon)

   It inflicts no extra harm, but heals its wielder when it wounds a living foe.
   It affects your intelligence (+2).
   It affects your dexterity (+4).
   It insulates you from electricity.
   It affects your resistance to hostile enchantments.
 i - a +5 dagger of venom (weapon)
Missiles
 e - a throwing net (quivered)
 o - 29 poisoned needles
 v - 21 arrows
Armour
 g - a +2 robe of cold resistance (worn)
 u - a +0 cloak (worn)
 z - a cursed +0 pair of gloves (worn)
 D - a +0 pair of boots (worn)
Jewellery
 j - a ring of protection from fire (left hand)
 m - an amulet of the acrobat (around neck)
 C - a +3 ring of dexterity (right hand)
Wands
 n - a wand of clouds (2)
 t - a wand of iceblast (24)
 y - a wand of random effects (8)
Scrolls
 b - a scroll of fog
 d - 6 scrolls of remove curse
 h - 2 scrolls of teleportation
 x - a scroll of amnesia
Potions
 a - 2 potions of might
 k - a potion of invisibility
 l - a potion of brilliance
 q - 2 potions of flight
 r - 6 potions of curing
 s - a potion of magic
 w - a potion of agility
 A - a potion of resistance
Miscellaneous
 B - a lightning rod (3/4)
Comestibles
 c - 16 rations
 p - a chunk of flesh


   Skills:
 - Level 3.0(2.4) Fighting
 - Level 3.1(2.5) Short Blades
 - Level 10.1(9.4) Dodging
 + Level 6.4(5.8) Stealth
 - Level 3.0(2.5) Unarmed Combat
 - Level 10.0(9.4) Spellcasting
 + Level 9.7(9.0) Conjurations
 - Level 3.2(2.6) Hexes
 - Level 2.8(2.2) Summonings
 - Level 3.1(2.5) Translocations
 - Level 5.0(4.4) Transmutations
 + Level 1.6(1.0) Ice Magic
 + Level 1.5(1.0) Poison Magic
 - Level 5.0(4.4) Invocations
 - Level 5.0(4.4) Evocations


You had one spell level left.
You knew the following spells:

 Your Spells              Type           Power        Failure   Level  Hunger
a - Magic Dart            Conj           ####         1%          1    None
b - Freeze                Ice            ###.         3%          1    None
c - Searing Ray           Conj           ######       1%          2    None
d - Dazzling Spray        Conj/Hex       #####.       1%          3    None
e - Iskenderun's Mystic   Conj           ######..     1%          4    ##.....
f - Fulminant Prism       Conj/Hex       #####.....   4%          4    ##.....
g - Force Lance           Conj/Tloc      #####...     5%          4    ##.....
h - Spider Form           Tmut/Pois      ###.......   5%          3    None
i - Ice Form              Ice/Tmut       ###.....     19%         4    ##.....
j - Summon Small Mammal   Summ           ###.         2%          1    None
k - Sticks to Snakes      Tmut           ####....     1%          2    None

Your spell library contained the following spells:

 Spells                   Type           Power        Failure   Level  Hunger
 Beastly Appendage        Tmut           ####..       1%          1    None
 Confusing Touch          Hex            ###...       1%          1    None
 Throw Frost              Conj/Ice       #####.       1%          2    None
 Throw Icicle             Conj/Ice       #####...     7%          4    ##.....
 Ozocubu's Armour         Chrm/Ice       ##......     14%         3    None
 Blade Hands              Tmut           ####......   26%         5    ####...
 Summon Ice Beast         Ice/Summ       ###.....     28%         4    ##.....
 Summon Lightning Spire   Summ/Air       ###.....     34%         4    ##.....
 Dragon's Call            Summ           ###.......   100%        9    #######


Dungeon Overview and Level Annotations

Branches:
Dungeon (11/15)            Temple (1/1) D:7            Lair (0/6) D:9
    Orc (0/2) D:9

Altars:
Ashenzari
Cheibriados
Dithmenos
Elyvilon
Fedhas
Gozag
Hepliaklqana
Kikubaaqudgha
Makhleb
Nemelex Xobeh
Okawaru
Qazlal
Ru
Sif Muna
Trog
Uskayaw
Vehumet
Wu Jian
Xom
Yredelemnul
Zin
The Shining One

Shops:
D:9 (   D:10 (

Annotations:
D:4 Scorpion and Ice Beast


Message History

The ettin shouts in stereo!
You draw a card...
You have drawn Degeneration.
Nothing appears to happen.
You draw a card...
You have drawn Pain.
Press: ? - help, Shift-Dir - straight line, f - ettin
Aim: an ettin, wielding a +0 dire flail and a +0 dire flail of draining (lightly wounded)
The ettin convulses!
The ettin completely misses you.
The ettin hits you with a +0 dire flail of draining!!
Ouch! That really hurt!
You feel drained.
You draw a card...
You have drawn the Orb.
Press: ? - help, Shift-Dir - straight line, f/p - ettin
Aim: an ettin, wielding a +0 dire flail and a +0 dire flail of draining (heavily wounded)
The wavering orb of destruction weakly hits the ettin!!
The ettin is almost dead.
The ettin hits you with a +0 dire flail!!
Ouch! That really hurt!
You die...
Your body glows with a rainbow of weird colours and disappears.

......#
#..())......###
....zz
######..########## ##
...). ........# #.
##.#.. #######.# #.
#..#.# #.# ##.
####.##z#### #.# #..
.......D...###### #.#
#.#
####.#####.#..#C##..#
### #.# #.#
#.#.#R#@#.####.# #.#
#.# #..##○###. #...#
##.# ###.# ####.#☼##.
#...# #... ##...#
#$###!# ##..## ##>#.
.#.### # DF#(##(..#
#.÷). .#.# ##)##....#
#.)## .#.# ####
.##..#### ###).#
...#######..# #
#..#######.)..#
...........#.#
#.#........##.#


You could see an ettin and an efreet.

Vanquished Creatures
  Erolcha (D:10)
  A two-headed ogre (D:8)
  Pikel (D:6)
  A necromancer (D:9)
  A cyclops (D:11)
  5 slime creatures
  A hornet (D:11)
  2 hippogriffs
  A tarantella (D:11)
  A spriggan (D:7)
  7 yaks
  2 wyverns (D:11)
  Menkaure (D:6)
  A water moccasin (D:9)
  3 porcupines (D:9)
  4 ice beasts
  4 orc warriors (D:9)
  A sky beast (D:9)
  2 slaves (D:6)
  3 black bears (D:9)
  2 phantoms
  7 ogres
  A necrophage (D:7)
  A crocodile (D:9)
  A big kobold (D:7)
  7 bullfrogs
  2 water moccasin zombies
  2 scorpions
  An oklob sapling (D:7)
  13 wights
  An electric eel (D:9)
  A lava snake (D:9)
  4 crimson imps
  A bullfrog zombie (D:5)
  A quasit (D:10)
  2 hounds
  2 jellies
  7 orc priests
  8 orc wizards
  4 centaur skeletons
  3 iguanas
  7 worker ants
  6 yak simulacra (D:9)
  2 wolf simulacra (D:9)
  A polar bear simulacrum (D:9)
  2 killer bee zombies
  2 hound skeletons
  2 mummies (D:7)
  A worker ant zombie (D:11)
  15 adders
  A howler monkey skeleton (D:9)
  3 shadow imps
  2 adder zombies
  2 adder skeletons (D:4)
  2 worms
  6 dart slugs
  6 leopard geckos
  37 orcs
  4 ball pythons
  8 bats
  5 giant cockroaches
  12 goblins
  10 hobgoblins
  23 jackals
  2 quokkas
  A frilled lizard (D:3)
  A jackal skeleton (D:4)
  16 kobolds
  3 leopard gecko zombies
  3 quokka skeletons
  A quokka zombie (D:7)
  8 rats
  2 river rat simulacra (D:9)
  A plant (D:7)
311 creatures vanquished.

Vanquished Creatures (collateral kills)
  A two-headed ogre (D:11)
  A worker ant (D:9)
  An adder (D:9)
  A quokka (D:11)
4 creatures vanquished.

Vanquished Creatures (others)
  An orc priest (D:4)
  A ball lightning (D:10)
  53 fungi (D:9)
  54 plants (D:9)
109 creatures vanquished.

Grand Total: 424 creatures vanquished

Notes
Turn   | Place    | Note
-------+----------+-------------------------------------------
     0 | D:1      | Gildeon the Deep Elf Conjurer began the quest for the Orb.
     0 | D:1      | Reached XP level 1. HP: 10/10 MP: 6/6
    90 | D:1      | Reached XP level 2. HP: 15/15 MP: 0/8
    95 | D:1      | Learned a level 2 spell: Searing Ray
   580 | D:1      | Reached XP level 3. HP: 19/19 MP: 8/10
   585 | D:1      | Learned a level 3 spell: Dazzling Spray
   919 | D:1      | Reached skill level 5 in Conjurations
   965 | D:1      | Found an iron altar of Okawaru.
  1447 | D:2      | Reached XP level 4. HP: 21/24 MP: 6/12
  1636 | D:2      | Learned a level 4 spell: Iskenderun's Mystic Blast
  1700 | D:2      | Found a sparkling altar of Nemelex Xobeh.
  1701 | D:2      | Found a white marble altar of Elyvilon.
  1713 | D:2      | Became a worshipper of Nemelex Xobeh the Trickster
  1838 | D:2      | Received a gift from Nemelex Xobeh
  2111 | D:3      | Found a glowing silver altar of Zin.
  2468 | D:3      | HP: 1/24 [orc priest/divine providence (12)]
  2472 | D:3      | Reached XP level 5. HP: 23/28 MP: 9/14
  2493 | D:3      | Reached skill level 5 in Spellcasting
  2759 | D:3      | Learned a level 4 spell: Fulminant Prism
  2999 | D:3      | Reached skill level 1 in Hexes
  3074 | D:3      | Got a blackened whip
  3138 | D:4      | Identified the +8 whip of Golaukk {vamp, rElec MR+ Int+2
                  | Dex+4} (You found it on level 3 of the Dungeon)
  3295 | D:4      | Reached * piety under Nemelex Xobeh
  3330 | D:4      | Reached XP level 6. HP: 10/32 MP: 8/15
  3556 | D:4      | Reached skill level 5 in Dodging
  3763 | D:4      | Noticed an ice beast
  4004 | D:4      | Found a burning altar of Makhleb.
  4004 | D:4      | Noticed a balrug
  4327 | D:5      | Entered Level 5 of the Dungeon
  4492 | D:5      | Found a shimmering altar of Xom.
  4493 | D:5      | Found a hazy altar of Hepliaklqana.
  4493 | D:5      | Noticed an insubstantial wisp
  4494 | D:5      | Noticed an insubstantial wisp
  4494 | D:5      | Noticed a spectral ugly thing
  4572 | D:5      | Reached ** piety under Nemelex Xobeh
  5055 | D:5      | Reached skill level 1 in Fighting
  5055 | D:5      | Reached skill level 5 in Stealth
  5332 | D:5      | Reached XP level 7. HP: 34/38 MP: 6/16
  5420 | D:5      | Reached skill level 1 in Invocations
  5441 | D:5      | You fall through a shaft!
  6081 | D:6      | Learned a level 4 spell: Force Lance
  6310 | D:6      | Found a hide-covered altar of Uskayaw.
  6632 | D:6      | Reached skill level 1 in Short Blades
  6720 | D:6      | Noticed Menkaure
  7296 | D:7      | Reached XP level 8. HP: 44/44 MP: 18/20
  7298 | D:7      | Found a staircase to the Ecumenical Temple.
  7834 | D:7      | Received a gift from Nemelex Xobeh
  8167 | D:7      | Reached skill level 5 in Invocations
  8204 | D:7      | Reached skill level 1 in Evocations
  8728 | D:7      | Reached skill level 1 in Translocations
  8949 | D:7      | Reached *** piety under Nemelex Xobeh
  9239 | D:7      | Learned a level 2 spell: Sticks to Snakes
  9243 | D:7      | Learned a level 3 spell: Spider Form
  9348 | D:8      | Reached XP level 9. HP: 33/48 MP: 16/23
  9712 | D:8      | Noticed a two-headed ogre
  9770 | D:8      | Reached skill level 1 in Unarmed Combat
 10101 | D:9      | Received a gift from Nemelex Xobeh
 10102 | D:9      | Found a staircase to the Orcish Mines.
 10526 | D:9      | Reached skill level 5 in Evocations
 10799 | D:9      | Reached XP level 10. HP: 53/53 MP: 9/25
 10812 | D:9      | Learned a level 4 spell: Ice Form
 11159 | D:9      | Identified the Reference Book on the Enchanting Escort
 11167 | D:9      | Found Ceoh Jocs's Antique Weapon Shop.
 11510 | D:9      | Noticed a necromancer
 11978 | Temple   | Entered the Ecumenical Temple
 12180 | D:6      | Killed Menkaure
 12380 | D:6      | Noticed Pikel
 12395 | D:6      | Killed Pikel
 12395 | D:6      | Reached skill level 10 in Spellcasting
 12514 | D:8      | Killed a two-headed ogre
 12514 | D:8      | Reached skill level 10 in Dodging
 12643 | D:8      | Learned a level 1 spell: Summon Small Mammal
 12645 | D:8      | Learned a level 1 spell: Freeze
 13463 | D:9      | Found a staircase to the Lair.
 13900 | D:9      | Killed a necromancer
 13915 | D:9      | Reached XP level 11. HP: 60/60 MP: 18/27
 13997 | D:10     | Entered Level 10 of the Dungeon
 14187 | D:10     | Found Plog's Weapon Shop.
 14465 | D:10     | Received a gift from Nemelex Xobeh
 14711 | D:10     | Reached skill level 5 in Transmutations
 14760 | D:10     | Noticed Erolcha
 14771 | D:10     | Killed Erolcha
 14771 | D:10     | Reached skill level 1 in Summonings
 15096 | D:11     | Noticed a two-headed ogre
 15101 | D:11     | Killed a two-headed ogre
 15154 | D:11     | Reached **** piety under Nemelex Xobeh
 15357 | D:11     | Reached skill level 1 in Poison Magic
 15426 | D:11     | Reached skill level 1 in Ice Magic
 15862 | D:11     | Noticed an ice dragon
 15862 | D:11     | Noticed a storm dragon
 15874 | D:11     | Noticed an ettin
 15877 | D:11     | Mangled by an ettin

Skill      XL: |  1  2  3  4  5  6  7  8  9 10 11 |
---------------+----------------------------------+-----
Dodging        | 3 4 5 7 9 10 | 10.1
Spellcasting   | 4 5 6 8 9 10 | 10.0
Conjurations   | 5 6 8 9 |  9.7
Stealth        | 3 4 5 6 |  6.4
Hexes          | 1 3 |  3.2
Fighting       | 1 2 3 |  3.0
Invocations    | 3 5 |  5.0
Short Blades   | 2 3 |  3.1
Evocations     | 2 5 |  5.0
Translocations | 1 3 |  3.1
Unarmed Combat | 2 3 |  3.0
Transmutations | 4 5 |  5.0
Summonings     | 2 |  2.8
Poison Magic   | 1 |  1.5
Ice Magic      | 1 |  1.6

Action                   |  1- 3 |  4- 6 |  7- 9 | 10-12 || total
-------------------------+-------+-------+-------+-------++-------
Melee: Hand axe          |     3 |       |       |       ||     3
       Dagger            |    14 |    27 |    64 |   120 ||   225
       Punch             |       |       |       |     4 ||     4
 Cast: Magic Dart        |    69 |   142 |   137 |   118 ||   466
       Searing Ray       |       |     6 |    41 |    47 ||    94
       Dazzling Spray    |       |       |     3 |    19 ||    22
       Freeze            |       |       |       |    13 ||    13
       Summon Small Mamm |       |       |       |     3 ||     3
       Sticks to Snakes  |       |       |       |     3 ||     3
       Force Lance       |       |       |       |     1 ||     1
 Abil: Draw Destruction  |       |     2 |     1 |    12 ||    15
       Draw Summoning    |       |       |       |     2 ||     2
Evoke: Wand              |       |     6 |    29 |    24 ||    59
       Lightning rod     |       |       |       |     4 ||     4
  Use: Scroll            |     2 |    11 |    12 |    12 ||    37
       Potion            |       |     3 |       |       ||     3
 Stab: Sleeping          |     5 |     5 |     8 |     9 ||    27
       Distracted        |       |       |     1 |       ||     1
       Confused          |       |       |       |     2 ||     2
       Invisible         |       |       |       |     1 ||     1
  Eat: Chunk             |     1 |    12 |    10 |     9 ||    32
       Ration            |       |       |     2 |     2 ||     4
Armor: Robe              |     5 |     6 |    32 |    15 ||    58
Dodge: Dodged            |    31 |    97 |   192 |   194 ||   514
